ITL
WABA DUCKS @ TRENTON STARS
08/02/2030
 
TOP OF THE 1ST
Waba Ducks batting - Pitching for Trenton Stars : RHP Rusty van Rhee
Pitching: RHP Rusty van Rhee
Batting: LHB Stanley Mullins 0-0: Ball
1-0: Called Strike
1-1: Ball
2-1: Foul Ball, location: 2F
2-2: DOUBLE (Line Drive, 9LM)
Batting: RHB Raúl Bruno 0-0: Ground out 4-3 (Groundball, 4)
Stanley Mullins to third
Batting: LHB Don Ramey 0-0: Ball
1-0: Ball
2-0: Called Strike
2-1: Called Strike
2-2: Foul Ball, location: 2F
2-2: Ground out 4-3 (Groundball, 4)
Stanley Mullins scores
Batting: RHB Pedro Guzmán 0-0: Called Strike
0-1: Called Strike
0-2: Ball
1-2: Ball
2-2: Ball
3-2: Foul Ball, location: 2F
3-2: Ground out 5-3 (Groundball, 56)
Top of the 1st over - 1 run, 1 hit, 0 errors, 0 left on base; Waba 1 - Trenton 0
BOTTOM OF THE 1ST
Trenton Stars batting - Pitching for Waba Ducks : RHP Pedro Hernández
Pitching: RHP Pedro Hernández
Batting: RHB Bill Bourland 0-0: Foul Ball, location: 2F
0-1: Swinging Strike
0-2: Ball
1-2: Strikes out swinging
Batting: RHB George Reeves 0-0: Ball
1-0: Ball
2-0: Ground out 5-3 (Groundball, 56S)
Batting: LHB Wes Thompson 0-0: Ball
1-0: Ball
2-0: Called Strike
2-1: Swinging Strike
2-2: Foul Ball, location: 2F
2-2: Ball
3-2: Foul Ball, location: 2F
3-2: Base on Balls
Batting: LHB Pat Zimmerman 0-0: Called Strike
0-1: Ball
1-1: Swinging Strike
1-2: Ball
2-2: Fly out, F1 (Line Drive, 15)
Bottom of the 1st over - 0 runs, 0 hits, 0 errors, 1 left on base; Waba 1 - Trenton 0
TOP OF THE 2ND
Waba Ducks batting - Pitching for Trenton Stars : RHP Rusty van Rhee
Batting: SHB Garrett Waller 0-0: Ball
1-0: Foul Ball, location: 2F
1-1: Foul Ball, location: 2F
1-2: Foul Ball, location: 2F
1-2: Ground out 4-3 (Groundball, 4)
Batting: RHB António Venecia 0-0: Swinging Strike
0-1: Swinging Strike
0-2: Ball
1-2: Ball
2-2: Strikes out looking
Batting: SHB John May 0-0: Swinging Strike
0-1: SOLO HOME RUN (Flyball, 9LD), Distance : 325 ft
Batting: RHB Lynn Johnson 0-0: Ball
1-0: Called Strike
1-1: Ball
2-1: Swinging Strike
2-2: Ball
3-2: Base on Balls
Batting: RHB Francisco Castillo 0-0: Swinging Strike
0-1: Ball
1-1: Foul Ball, location: 2F
1-2: Fly out, F7 (Flyball, 78M)
Top of the 2nd over - 1 run, 1 hit, 0 errors, 1 left on base; Waba 2 - Trenton 0
BOTTOM OF THE 2ND
Trenton Stars batting - Pitching for Waba Ducks : RHP Pedro Hernández
Batting: RHB Derek Ramsey 0-0: Ball
1-0: Called Strike
1-1: Ball
2-1: Swinging Strike
2-2: Ball
3-2: Base on Balls
Batting: LHB Tom Waller 0-0: Foul Ball, location: 2F
0-1: Foul Ball, location: 2F
0-2: SINGLE (Groundball, 34D)
Derek Ramsey to second
Runner from 2nd tries for 3rd, SAFE, throw made to third
Batting: RHB Alfredo López 0-0: Ball
1-0: Foul Ball, location: 2F
1-1: Ball
2-1: Called Strike
2-2: Strikes out swinging
Batting: RHB Jorge Flores 0-0: Called Strike
0-1: Ball
1-1: Swinging Strike
1-2: DOUBLE (Flyball, 8RXD)
Derek Ramsey scores
Tom Waller to third
Batting: RHB Dan McKay 0-0: SINGLE (Flyball, 9LM)
Tom Waller scores
Jorge Flores to third
Runner from 3rd tries for Home, SAFE, no throw
Batting: RHB Bill Bourland 0-0: Foul Ball, location: 2F
0-1: Ball
1-1: Ball
2-1: Called Strike
Dan McKay steals 2nd base
2-2: DOUBLE (Groundball, 5L)
Dan McKay scores
Batting: RHB George Reeves 0-0: SINGLE (Flyball, 78S)
Bill Bourland to third
Runner from 3rd tries for Home, SAFE, no throw
Batting: LHB Wes Thompson 0-0: Ball
George Reeves steals 2nd base
1-0: Ball
2-0: Foul Ball, location: 2F
2-1: Ground out 4-3 (Groundball, 4M)
George Reeves to third
Batting: LHB Pat Zimmerman 0-0: Ball
1-0: Fly out, F7 (Flyball, 78D)
Bottom of the 2nd over - 5 runs, 5 hits, 0 errors, 1 left on base; Waba 2 - Trenton 5
TOP OF THE 3RD
Waba Ducks batting - Pitching for Trenton Stars : RHP Rusty van Rhee
Batting: LHB Stanley Mullins 0-0: Ball
1-0: Foul Ball, location: 2F
1-1: Swinging Strike
1-2: Ball
2-2: Fly out, F9 (Flyball, 9D)
Batting: RHB Raúl Bruno 0-0: Foul Ball, location: 2F
0-1: Foul Ball, location: 2F
0-2: Foul Ball, location: 2F
0-2: Ball
1-2: Ground out U3 (Groundball, 34)
Batting: LHB Don Ramey 0-0: SINGLE (Groundball, 4MD)
Batting: RHB Pedro Guzmán 0-0: Called Strike
0-1: Fielders Choice at 2nd, 5-4 (Groundball, 56)
Top of the 3rd over - 0 runs, 1 hit, 0 errors, 1 left on base; Waba 2 - Trenton 5
BOTTOM OF THE 3RD
Trenton Stars batting - Pitching for Waba Ducks : RHP Pedro Hernández
Batting: RHB Derek Ramsey 0-0: Swinging Strike
0-1: Ball
1-1: Ball
2-1: Foul Ball, location: 2F
2-2: Reached via error on a dropped throw, E1
Batting: LHB Tom Waller 0-0: Called Strike
0-1: Ball
1-1: Swinging Strike
1-2: Strikes out looking
Batting: RHB Alfredo López 0-0: Ball
1-0: Fly out, F8 (Flyball, 8LM)
Batting: RHB Jorge Flores 0-0: Ball
1-0: Called Strike
1-1: Foul Ball, location: 2F
1-2: Ball
2-2: Ball
3-2: Base on Balls
Derek Ramsey to second
Batting: RHB Dan McKay 0-0: Called Strike
0-1: Ball
1-1: Ball
2-1: SINGLE (Line Drive, 6MD)
Derek Ramsey to third
Jorge Flores to second
Batting: RHB Bill Bourland 0-0: Called Strike
0-1: Fielders Choice at 2nd, 6-4 (Groundball, 56)
Bottom of the 3rd over - 0 runs, 1 hit, 1 error, 3 left on base; Waba 2 - Trenton 5
TOP OF THE 4TH
Waba Ducks batting - Pitching for Trenton Stars : RHP Rusty van Rhee
Batting: SHB Garrett Waller 0-0: Called Strike
0-1: Ball
1-1: Called Strike
1-2: Ball
2-2: Foul Ball, location: 2F
2-2: DOUBLE (Flyball, 8LXD)
Batting: RHB António Venecia 0-0: Ball
1-0: Swinging Strike
1-1: Ball
2-1: Swinging Strike
2-2: Strikes out looking
Batting: SHB John May 0-0: Called Strike
Garrett Waller is caught stealing 3rd base
0-1: Called Strike
0-2: Strikes out swinging
Top of the 4th over - 0 runs, 1 hit, 0 errors, 0 left on base; Waba 2 - Trenton 5
BOTTOM OF THE 4TH
Trenton Stars batting - Pitching for Waba Ducks : RHP Pedro Hernández
Batting: RHB George Reeves 0-0: Called Strike
0-1: Ball
1-1: Called Strike
1-2: Ball
2-2: Foul Ball, location: 2F
2-2: SOLO HOME RUN (Flyball, 7LD), Distance : 366 ft
Batting: LHB Wes Thompson 0-0: Called Strike
0-1: Ball
1-1: Fly out, F8 (Flyball, 78M)
Batting: LHB Pat Zimmerman 0-0: Ball
1-0: SINGLE (Popup, 3D)
Batting: RHB Derek Ramsey 0-0: Ball
1-0: Called Strike
1-1: Called Strike
1-2: Strikes out swinging
Batting: LHB Tom Waller 0-0: Called Strike
0-1: Foul Ball, location: 2F
0-2: Ground out 5-3 (Groundball, 56S)
Bottom of the 4th over - 1 run, 2 hits, 0 errors, 1 left on base; Waba 2 - Trenton 6
TOP OF THE 5TH
Waba Ducks batting - Pitching for Trenton Stars : RHP Rusty van Rhee
Batting: RHB Lynn Johnson 0-0: Called Strike
0-1: Ball
1-1: Foul Ball, location: 2F
1-2: Ball
2-2: Foul Ball, location: 2F
2-2: Foul Ball, location: 2F
2-2: Fly out, F8 (Flyball, 8RM)
Batting: RHB Francisco Castillo 0-0: SINGLE (Groundball, 56D)
Batting: LHB Stanley Mullins 0-0: Ground out 6-3 (Groundball, 6)
Francisco Castillo to second
Batting: RHB Raúl Bruno 0-0: Ball
1-0: Ball
2-0: Ball
3-0: Base on Balls
Batting: LHB Don Ramey 0-0: Ball
1-0: Ball
2-0: Foul Ball, location: 2F
2-1: Swinging Strike
2-2: Foul Ball, location: 2F
2-2: Ball
3-2: Foul Ball, location: 2F
3-2: SINGLE (Flyball, 89S)
Francisco Castillo to third
Raúl Bruno to second
Francisco Castillo scores
Raúl Bruno to third
Batting: RHB Pedro Guzmán 0-0: Ball
Wild Pitch!
Raúl Bruno scores
Don Ramey to second
1-0: Called Strike
1-1: Foul Ball, location: 2F
1-2: Ball
2-2: Foul Ball, location: 2F
2-2: Ball
3-2: Base on Balls
Batting: SHB Garrett Waller 0-0: Ball
1-0: Foul Ball, location: 2F
1-1: Swinging Strike
1-2: Foul Ball, location: 2F
1-2: Ball
2-2: Ball
3-2: Strikes out swinging
Top of the 5th over - 2 runs, 2 hits, 0 errors, 2 left on base; Waba 4 - Trenton 6
BOTTOM OF THE 5TH
Trenton Stars batting - Pitching for Waba Ducks : RHP Pedro Hernández
Pitching: RHP Mang Tow
Batting: RHB Alfredo López 0-0: Foul Ball, location: 2F
0-1: Foul Ball, location: 2F
0-2: Ball
1-2: Ball
2-2: Foul Ball, location: 2F
2-2: Ball
3-2: SINGLE (Line Drive, 6D)
Batting: RHB Jorge Flores 0-0: Swinging Strike
0-1: Ball
1-1: DOUBLE (Groundball, 5L)
Alfredo López to third
Batting: RHB Dan McKay 0-0: Called Strike
0-1: Ball
1-1: Ball
2-1: Foul Ball, location: 2F
2-2: Strikes out swinging
Batting: RHB Bill Bourland 0-0: Called Strike
0-1: Fly out, F9 (Flyball, 9D)
Runner from 3rd tags up, SCORES, throw made
Batting: RHB George Reeves 0-0: Called Strike
0-1: Ball
Wild Pitch!
Jorge Flores to third
1-1: Foul Ball, location: 2F
1-2: Ball
2-2: Ball
3-2: Foul Ball, location: 2F
3-2: Foul Ball, location: 2F
3-2: Base on Balls
Batting: LHB Wes Thompson 0-0: Ball
1-0: Called Strike
1-1: Ball
2-1: SINGLE (Groundball, 6D)
Jorge Flores scores
George Reeves to second
Batting: LHB Pat Zimmerman 0-0: Ball
1-0: Foul Ball, location: 2F
1-1: Ball
2-1: Foul Ball, location: 2F
2-2: Ball
3-2: Strikes out looking
Bottom of the 5th over - 2 runs, 3 hits, 0 errors, 2 left on base; Waba 4 - Trenton 8
TOP OF THE 6TH
Waba Ducks batting - Pitching for Trenton Stars : RHP Rusty van Rhee
Batting: RHB António Venecia 0-0: Ball
1-0: Ball
2-0: Ball
3-0: Base on Balls
Pitching: RHP Roberto Cordero
Batting: SHB John May 0-0: Fly out, F8 (Flyball, 78D)
Batting: RHB Lynn Johnson 0-0: Foul Ball, location: 2F
0-1: Foul Ball, location: 2F
0-2: Fly out, F5 (Line Drive, 5)
Batting: RHB Francisco Castillo 0-0: Ball
1-0: Ball
2-0: Swinging Strike
2-1: Foul Ball, location: 2F
2-2: DOUBLE (Line Drive, 7D)
António Venecia to third
Batting: LHB Stanley Mullins 0-0: Ball
1-0: Ball
2-0: Ball
3-0: Base on Balls
Batting: RHB Raúl Bruno 0-0: Foul Ball, location: 2F
0-1: Called Strike
0-2: Ball
1-2: Ball
2-2: Strikes out swinging
Top of the 6th over - 0 runs, 1 hit, 0 errors, 3 left on base; Waba 4 - Trenton 8
BOTTOM OF THE 6TH
Trenton Stars batting - Pitching for Waba Ducks : RHP Mang Tow
Pitching: RHP Jim Wilson
Batting: RHB Derek Ramsey 0-0: Ball
1-0: Ball
2-0: Swinging Strike
2-1: SINGLE (Groundball, 6MD)
Batting: LHB Tom Waller 0-0: Ball
1-0: Ball
2-0: Ball
3-0: Base on Balls
Derek Ramsey to second
Batting: RHB Alfredo López 0-0: Foul Ball, location: 2F
0-1: Called Strike
0-2: SINGLE (Line Drive, 6M)
Derek Ramsey to third
Tom Waller to second
Batting: RHB Jorge Flores 0-0: Ball
1-0: Ball
2-0: Called Strike
2-1: Ball
Wild Pitch!
Derek Ramsey scores
Tom Waller to third
Alfredo López to second
3-1: Fly out, F7 (Flyball, 7D)
Runner from 3rd tags up, SCORES, throw made
Batting: RHB Dan McKay 0-0: Ball
1-0: SINGLE (Groundball, 6MD)
Alfredo López to third
Batting: RHB Bill Bourland 0-0: Called Strike
0-1: Ball
1-1: Foul Ball, location: 2F
1-2: Ball
2-2: Strikes out swinging
Batting: RHB George Reeves 0-0: Fly out, F1 (Line Drive, 15S)
Bottom of the 6th over - 2 runs, 3 hits, 0 errors, 2 left on base; Waba 4 - Trenton 10
TOP OF THE 7TH
Waba Ducks batting - Pitching for Trenton Stars : RHP Roberto Cordero
Batting: LHB Don Ramey 0-0: Called Strike
0-1: Swinging Strike
0-2: Strikes out looking
Batting: RHB Pedro Guzmán 0-0: Ball
1-0: Fly out, F7 (Flyball, 8LS)
Batting: SHB Garrett Waller 0-0: Called Strike
0-1: Ball
1-1: Called Strike
1-2: Strikes out swinging
Top of the 7th over - 0 runs, 0 hits, 0 errors, 0 left on base; Waba 4 - Trenton 10
BOTTOM OF THE 7TH
Trenton Stars batting - Pitching for Waba Ducks : RHP Jim Wilson
Batting: LHB Wes Thompson 0-0: Fly out, F8 (Flyball, 8RXD)
Batting: LHB Pat Zimmerman 0-0: Ball
1-0: Fly out, F5 (Line Drive, 56)
Batting: RHB Derek Ramsey 0-0: Ball
1-0: Called Strike
1-1: Foul Ball, location: 2F
1-2: Strikes out swinging
Bottom of the 7th over - 0 runs, 0 hits, 0 errors, 0 left on base; Waba 4 - Trenton 10
TOP OF THE 8TH
Waba Ducks batting - Pitching for Trenton Stars : RHP Roberto Cordero
Now at SS: Octávio Marín
Now in RF: Emílio Bruno
Batting: RHB António Venecia 0-0: Swinging Strike
0-1: Ball
1-1: Fly out, F9 (Flyball, 9S)
Batting: SHB John May 0-0: Ball
1-0: Ball
2-0: Ball
3-0: Base on Balls
Batting: RHB Lynn Johnson 0-0: Ball
1-0: Foul Ball, location: 2F
1-1: Foul Ball, location: 2F
1-2: Foul Ball, location: 2F
1-2: Strikes out looking
Batting: RHB Francisco Castillo 0-0: Swinging Strike
0-1: Swinging Strike
0-2: Ball
1-2: Foul Ball, location: 2F
1-2: Ball
2-2: Strikes out swinging
Top of the 8th over - 0 runs, 0 hits, 0 errors, 1 left on base; Waba 4 - Trenton 10
BOTTOM OF THE 8TH
Trenton Stars batting - Pitching for Waba Ducks : RHP Jim Wilson
Batting: LHB Tom Waller 0-0: DOUBLE (Line Drive, 89XD)
Batting: RHB Alfredo López 0-0: SINGLE (Groundball, 6MD)
Tom Waller to third
Batting: RHB Jorge Flores 0-0: Swinging Strike
0-1: SINGLE (Line Drive, 7S)
Tom Waller scores
Alfredo López to second
Batting: RHB Dan McKay 0-0: Foul Ball, location: 2F
0-1: Foul Ball, location: 2F
0-2: Ball
1-2: Foul Ball, location: 2F
1-2: Fly out, F7 (Flyball, 78S)
Batting: RHB Bill Bourland 0-0: Fly out, F8 (Flyball, 89D)
Runner from 2nd tags up, SAFE at 3rd, no throw
Batting: RHB Octávio Marín 0-0: Ground out 5-3 (Groundball, 56S)
Bottom of the 8th over - 1 run, 3 hits, 0 errors, 2 left on base; Waba 4 - Trenton 11
TOP OF THE 9TH
Waba Ducks batting - Pitching for Trenton Stars : RHP Roberto Cordero
Batting: LHB Stanley Mullins 0-0: Fly out, F7 (Flyball, 78S)
Pinch Hitting: RHB Jimmy Simon 0-0: Called Strike
0-1: Ball
1-1: Foul Ball, location: 2F
1-2: Ball
2-2: Strikes out swinging
Batting: LHB Don Ramey 0-0: DOUBLE (Line Drive, 9LM)
Batting: RHB Pedro Guzmán 0-0: Ball
1-0: Fly out, F4 (Line Drive, 4)
Top of the 9th over - 0 runs, 1 hit, 0 errors, 1 left on base; Waba 4 - Trenton 11
Saturday, April 7th, 2018 - OOTP Baseball 18.8 Build 76